 Dungeon Crawl Stone Soup version 0.28-a0-1152-g9c71ebef14 (webtiles) character file.

Game seed: 12560024426550719962

29 spaghetti the Sneak (level 3, 0/27 HPs)
             Began as an Octopode Delver on Dec 14, 2021.
             Slain by an ogre (17 damage)
             ... on level 5 of the Dungeon.
             The game lasted 00:00:31 (226 turns).

spaghetti the Sneak (Octopode Delver)                Turns: 226, Time: 00:00:31

Health: 0/27       AC:  3    Str: 11    XL:     3   Next: 16%
Magic:  3/3        EV: 13    Int: 14    God:
Gold:   13         SH:  0    Dex: 13    Spells: 2/2 levels left

rFire   . . .      SeeInvis .   a - +0 mace {mace}
rCold   . . .      Faith    .   (no shield)
rNeg    . . .      Spirit   .   g - +2 hat
rPois   .          Reflect  .   (no amulet)
rElec   .          Harm     .   (no ring)
rCorr   .          Rampage  .   (no ring)
Will    .....                   (no ring)
Stlth   ++++......              (no ring)
HPRegen 0.09/turn               (no ring)
MPRegen 0.08/turn               (no ring)
                                (no ring)
                                (no ring)

@: no status effects
A: almost no armour, amphibious, 8 rings, camouflage 1, gelatinous body 1,
(nimble swimmer 1), tentacles
a: no special abilities


You were on level 5 of the Dungeon.
You visited 1 branch of the dungeon, and saw 2 of its levels.

You collected 13 gold pieces.


Innate Abilities, Weirdness & Mutations

You cannot wear most types of armour.
You are amphibious.
You can wear up to eight rings at the same time.
Your skin changes colour to match your surroundings (Stealth+).
Your rubbery body absorbs attacks. (AC +1, EV +1)
((You are camouflaged near water. (Stealth+)))
You have tentacles for arms and can constrict up to eight enemies at once.


   Skills:
 + Level 4.2 Fighting
 - Level 2.0 Maces & Flails
 - Level 2.0 Dodging
 - Level 6.6 Stealth


You had 2 spell levels left.
You didn't know any spells.
Your spell library contained the following spells:

 Spells                   Type           Power      Damage    Failure   Level
 Call Canine Familiar     Summ           0%         N/A       65%         3
 Portal Projectile        Hex/Tloc       0%         N/A       65%         3
 Leda's Liquefaction      Hex/Erth       0%         N/A       96%         4
 Summon Lightning Spire   Summ/Air       0%         N/A       96%         4
 Storm Form               Tmut/Air       0%         N/A       100%        7
 Maxwell's Capacitive Co  Air            0%         ∞         100%        8

Inventory:

Hand Weapons
 a - a +0 mace (weapon) {mace}
Armour
 g - a +2 hat (worn)
   (You found it on level 5 of the Dungeon)
Wands
 f - a wand of digging (3)
Scrolls
 b - a scroll of fog
 c - a scroll of magic mapping {!r}
 d - a scroll of fear
Potions
 e - a potion of haste {@q3}

Dungeon Overview and Level Annotations

Branches:
Dungeon (6/15)
 Temple: D:4-7

Altars:
Yredelemnul

####### ......#.#
#####.#.###
....#.....########
.##.#...#........#
###.#...#......#.#
..#.#..........#@#
#.#.#<..#.##.#.#O#
........#....#.#.#
#.#.##..#.####.#.#
..#.....#......#.#
#######.#.######.#
..........# #.#
#######.########.#
#.........


You could see an ogre.


Message History

🤖 Initializing magus.rc ...
Options error: Delay interrupt name "hungry" not recognised. (~/.crawlrc:4771) ✅ Successfully initialized magus.rc [v1.9.6] Welcome, spaghetti the Octopode Delver.
You feel drawn to the Orb of Zot, downwards into the unfathomable depths...
Press ? for a list of commands and other information.
Found a book of the Hunter.
Found a stone staircase leading down.
You pick up a book of the Hunter and begin reading...
You add the spells Call Canine Familiar, Portal Projectile and Leda's Liquefaction to your library.
Found a basalt altar of Yredelemnul.
An ogre comes into view. It is wielding a +0 giant spiked club.
A hound comes into view.
The ogre shouts!
The hound barks!
You see here a +2 hat.
g - a +2 hat You start putting on your armour.
You continue putting on your +2 hat. x4
You finish putting on your +2 hat.
Unknown command.
Unknown command.
You hit the hound. Your grab misses the hound. Your squeeze misses the hound.
The hound barely misses you. The hound bites you. 😮 HP[-5]
You take 5 damage, and now have 11/16 hp.
MASSIVE DAMAGE!! (PAUSE) Unknown command.
You hit the hound. You grab the hound. You constrict the hound.
The hound bites you. x2 😮 HP[-2]
You take 2 damage, and now have 9/16 hp.
You hit the hound. You squeeze the hound.
You kill the hound!
Your Fighting skill increases to level 4!
You have reached level 2!
You have reached level 3!
Your experience leads to an increase in your attributes!
Increase (S)trength, (I)ntelligence, or (D)exterity?
You feel clever. x2 😮 HP[+7] MP[+2]
You now have 27 max hp (+11).
You regained 7 hp, and now have 16/27 hp.
Your mp is fully restored (3). 😮 HP[+1]
There is a stone staircase leading down here.
You climb downwards.
Found a book of the Sky.
Found a stone staircase leading up.
There is a stone staircase leading up here.
Unknown command.
Unknown command.
There is a stone staircase leading up here.
You see here a book of the Sky.
You pick up a book of the Sky and begin reading...
You add the spells Summon Lightning Spire, Storm Form and Maxwell's Capacitive Coupling to your library. 😮 HP[+1]
There is a stone staircase leading up here.
You climb upwards.
There is a stone staircase leading down here.
Unknown command.
Unknown command.
Found a stone staircase leading up. 😎 HP[+9]
Your hp is fully restored (27).
You now have 13 gold pieces.
An ogre comes into view. It is wielding a +0 giant club.
The helpless ogre fails to defend itself.
You thump the ogre! The ogre barely misses you.
You barely miss the ogre. You squeeze the ogre. The ogre barely misses you.
You hit the ogre but do no damage.
The ogre hits you with a +0 giant club! 😮 HP[-10]
You take 10 damage, and now have 17/27 hp.
MASSIVE DAMAGE!! (PAUSE) Unknown command.
You completely miss the ogre. The ogre hits you with a +0 giant club!
Ouch! That really hurt!
You die...

Skill      XL: |  1 |
---------------+----+-----
Fighting       | 4 |  4.2
Maces & Flails | |  2.0
Dodging        | |  2.0
Stealth        | |  6.6

Action                   || total
-------------------------++-------
Melee: Mace              ||     7
       Tentacles         ||     2
       Constrict         ||     1
 Stab: Sleeping          ||     1
Dodge: Dodged            ||     3

Levels and vault maps discovered:
D:5:      layout_basic, nicolae_dithmenos_the_darkroom,
          mainiacjoe_overflow_brackets, nrook_mini_vaults
D:6:      layout_basic, grunt_tough_drop

Notes
Turn   | Place    | Note
-------+----------+-------------------------------------------
     0 | D:5      | spaghetti the Octopode Delver began the quest for the Orb.
     0 | D:5      | Reached XP level 1. HP: 16/16 MP: 1/1
     0 | D:5      | magus.rc [v1.9.6]
     5 | D:5      | You pick up a book of the Hunter and begin reading...
     5 | D:5      | You add the spells Call Canine Familiar, Portal Projectile
                  | and Leda's Liquefaction to your library.
     9 | D:5      | Found a basalt altar of Yredelemnul.
    15 | D:5      | Noticed an ogre
    17 | D:5      | Noticed a hound
    39 | D:5      | Killed a hound
    40 | D:5      | Reached skill level 4 in Fighting
    40 | D:5      | Reached XP level 2. HP: 13/22 MP: 2/2
    40 | D:5      | Reached XP level 3. HP: 16/27 MP: 3/3
    52 | D:6      | You pick up a book of the Sky and begin reading...
    52 | D:6      | You add the spells Summon Lightning Spire, Storm Form and
                  | Maxwell's Capacitive Coupling to your library.
   220 | D:5      | Noticed an ogre
   226 | D:5      | Slain by an ogre

Vanquished Creatures
  A hound (D:5)
1 creature vanquished.

Table legend:
 A = Non-vault XP
 B = Vault XP
 C = Vault XP percentage of total XP
 D = Non-vault monster count
 E = Vault monster count
 F = Vault count percentage of total count
                 A         B        C        D         E       F
            +---------+---------+-------+---------+---------+-------
      Total |      42 |       0 |   0.0 |       1 |       0 |   0.0
            +---------+---------+-------+---------+---------+-------
        D:5 |      42 |       0 |   0.0 |       1 |       0 |   0.0
            +---------+---------+-------+---------+---------+-------

Illustrated notes

Table legend:
 A = Kills in this place as a percentage of kills in entire the game.
 B = Kills by you in this place as a percentage of kills by you in the entire game.
 C = Kills by friends in this place as a percentage of kills by friends in the entire game.
 D = Other kills in this place as a percentage of other kills in the entire game.
 E = Experience gained in this place as a percentage of experience gained in the entire game.
 F = Experience gained in this place divided by the number of levels of this place that you have seen.
                   A       B       C       D       E      F
               +-------+-------+-------+-------+-------+----------------------
         Total | 100.0 | 100.0 |   N/A |   N/A | 100.0 |  21.0
       Dungeon | 100.0 | 100.0 |   N/A |   N/A | 100.0 |  21.0
               +-------+-------+-------+-------+-------+----------------------

Table legend: (Time is in decaauts)
 A = Elapsed time spent in this place.
 B = Non-inter-level travel time spent in this place.
 C = Inter-level travel time spent in this place.
 D = Time resting spent in this place.
 E = Time spent auto-exploring this place.
 F = Levels seen in this place.
 G = Mean time per level.
                   A        B        C        D        E       F      G
               +--------+--------+--------+--------+--------+-----+--------+
         Total |    228 |    228 |      0 |      0 |    176 |   2 |  114.0 |
       Dungeon |    228 |    228 |      0 |      0 |    176 |   2 |  114.0 |
               +--------+--------+--------+--------+--------+-----+--------+

Top non-repeatable levels by time:
     D:5: 221 daAuts
     D:6: 6 daAuts
